Map: Dusk Towers

Players

MajinKakashi - Winner!

  • Race: Protoss Protoss
  • League: Gold

DrunkenJawa

  • Race: Protoss Protoss
  • League: Silver

VOD

Have the link to the VOD?

Description

Time

  • Played on: May 11, 2016, 11:05 p.m.
  • Length: 7:06
Show
View Real Time Build Order
Export as new Build Order

MajinKakashi Protoss - Winner!

Build Orders: Nexus First 

Get SALT Encoding   

  12  0:01  Probe (Chrono Boost)  
  13  0:12  Probe (Chrono Boost)  
  14  0:19  Pylon  
  14  0:23  Probe (Chrono Boost)  
  15  0:37  Probe (Chrono Boost)  
  16  0:48  Probe (Chrono Boost)  
  17  0:58  Nexus  
  17  1:08  Gateway  
  17  1:14  Assimilator  
  17  1:18  Probe (Chrono Boost)  
  18  1:31  Pylon  
  18  1:34  Probe (Chrono Boost)  
  18  1:39  Pylon  
  19  1:47  Probe (Chrono Boost), Assimilator  
  20  1:58  Probe (Chrono Boost)  
  22  2:08  Probe (Chrono Boost)  
  22  2:13  Cybernetics Core  
  22  2:17  Probe (Chrono Boost)  
  22  2:19  Probe (Chrono Boost)  
  24  2:28  Probe (Chrono Boost)  
  24  2:29  Probe (Chrono Boost)  
  26  2:35  Gateway  
  27  2:51  Probe (Chrono Boost)  
  27  2:55  Mothership Core (Chrono Boost)  
  29  3:00  Adept  
  29  3:02  Probe (Chrono Boost)  
  32  3:09  Pylon  
  32  3:11  Assimilator  
  32  3:12  Probe (Chrono Boost)  
  33  3:13  Probe (Chrono Boost), Stargate  
  34  3:22  Pylon  
  34  3:27  Adept  
  36  3:38  Probe (Chrono Boost)  
  37  3:42  Pylon  
  37  3:44  Probe (Chrono Boost)  
  37  3:45  Warp Gate  
  39  3:48  Probe (Chrono Boost)  
  39  3:54  Probe (Chrono Boost)  
  40  3:57  Pylon  
  40  3:59  Probe (Chrono Boost)  
  40  4:00  Gateway  
  41  4:06  Probe (Chrono Boost)  
  41  4:09  Probe (Chrono Boost)  
  43  4:11  Void Ray (Chrono Boost)  
  47  4:24  Stargate  
  47  4:27  Stalker  
  47  4:31  Stalker  
  49  4:53  Stalker  
  55  5:09  Void Ray (Chrono Boost)  
  55  5:10  Void Ray (Chrono Boost)  
  59  5:15  Stalker  
  54  5:47  Void Ray (Chrono Boost)  
  55  5:54  Void Ray (Chrono Boost)  
  51  6:01  Stalker x2  
  55  6:10  Probe  
  55  6:11  Probe  
  56  6:18  Assimilator  
  57  6:20  Probe  
  57  6:22  Gateway  
  57  6:23  Probe  
  59  6:27  Pylon  
  59  6:30  Oracle (Chrono Boost)  
  59  6:31  Probe  
  63  6:35  Zealot x2  
  71  6:50  Probe  
  71  6:51  Probe  
Show
View Real Time Build Order
Export as new Build Order

DrunkenJawa Protoss 

Build Orders: 1 Gate Expand 

Get SALT Encoding   

  12  0:01  Probe (Chrono Boost)  
  13  0:11  Probe (Chrono Boost)  
  14  0:19  Pylon  
  14  0:23  Probe (Chrono Boost)  
  15  0:38  Probe (Chrono Boost)  
  15  0:40  Gateway  
  16  0:48  Probe (Chrono Boost)  
  17  0:50  Assimilator  
  17  0:59  Probe (Chrono Boost)  
  18  1:09  Probe (Chrono Boost)  
  19  1:24  Probe (Chrono Boost)  
  20  1:37  Cybernetics Core  
  20  1:39  Nexus  
  20  1:44  Probe (Chrono Boost)  
  21  2:05  Pylon  
  21  2:06  Gateway  
  21  2:09  Gateway  
  21  2:14  Warp Gate (Chrono Boost)  
  21  2:21  Stalker  
  23  2:27  Probe  
  24  2:30  Assimilator  
  24  2:42  Probe  
  25  2:53  Pylon  
  27  2:58  Adept x2  
  27  3:01  Stalker  
  27  3:04  Probe  
  31  3:09  Probe  
  33  3:18  Gateway  
  33  3:22  Probe  
  34  3:30  Probe  
  35  3:39  Pylon  
  35  3:43  Mothership Core  
  36  4:00  Probe  
  37  4:04  Probe  
  38  4:13  Adept, Stalker  
  38  4:14  Adept  
  44  4:17  Adept  
  46  4:24  Probe  
  46  4:25  Probe  
  48  4:31  Robotics Facility  
  48  4:32  Pylon  
  48  4:37  Probe  
  48  4:38  Pylon  
  49  5:06  Stalker x2  
  49  5:07  Stalker x2  
  55  5:08  Probe  
  55  5:10  Probe  
  49  5:52  Adept x4  
  45  5:59  Probe  
  45  6:00  Probe  
  45  6:10  Probe  
  45  6:12  Probe, Warp Prism  
  45  6:18  Assimilator  
  49  6:20  Stalker x2  
  49  6:21  Stalker x2  
  49  6:23  Assimilator  
  57  6:29  Probe  
  57  6:30  Probe  
  59  6:39  Gateway  
  59  6:40  Gateway  
  59  6:42  Gateway  
  59  6:43  Pylon  
  59  6:45  Twilight Council  
  59  6:52  Stalker x3  
  59  6:53  Stalker  
Tags
 
Add a new tag
Caveats
  • Supply blocks, unpowered buildings, or Contaminate may cause inaccurate times.
  • Supply counts are checked every 10 seconds.